 Dungeon Crawl Stone Soup version 0.18.1-48-g4cf74bf (webtiles) character file.

17 Alarkh the Charmwright (level 2, -1/22 HPs)
             Began as a Mummy Skald on July 17, 2016.
             Was an Initiate of Okawaru.
             Slain by a quokka (2 damage)
             ... on level 2 of the Dungeon.
             The game lasted 00:00:56 (771 turns).

Alarkh the Charmwright (Mummy Skald)                 Turns: 771, Time: 00:00:57

Health: -1/22      AC:  3    Str: 15    XL:     2   Next: 44%
Magic:  2/5        EV: 11    Int: 11    God:    Okawaru [......]
Gold:   108        SH:  0    Dex: 11    Spells: 1 memorised, 4 levels left

rFire  x . .     SeeInvis .     e - +0 spear (curse)
rCold  + . .     Gourm    .     b - +0 leather armour
rNeg   + + +     Faith    .     (no shield)
rPois  ∞         Spirit   .     (no helmet)
rElec  .         Dismiss  .     (no cloak)
rCorr  .         Reflect  .     (no gloves)
SustAt .         Harm     .     (no boots)
MR     .....                    (no amulet)
Stlth  +.........               (no ring)
                                (no ring)

@: infused (expiring), not resistant to hostile enchantments, very unstealthy
A: no food or potions, fire vulnerability, cold resistance 1, negative energy
resistance 3, torment resistance, unbreathing
a: Renounce Religion


You were on level 2 of the Dungeon.
You worshipped Okawaru.
Okawaru was noncommittal.
You were not hungry.

You visited 1 branch of the dungeon, and saw 2 of its levels.

You collected 108 gold pieces.

Inventory:

Hand Weapons
 a - a +0 spear
 e - a cursed +0 spear (weapon)
Missiles
 g - 2 throwing nets (quivered)
Armour
 b - a +0 leather armour (worn)
Scrolls
 d - a scroll of noise {unknown}
 f - a scroll of amnesia {unknown}
 h - a scroll of recharging {unknown}
Books
 c - a book of Battle

   Spells                             Type                      Level
   a - Infusion                       Charms                       1
   b - Shroud of Golubria             Charms/Translocation         2
   c - Song of Slaying                Charms                       2
   d - Spectral Weapon                Hexes/Charms                 3
   e - Regeneration                   Charms/Necromancy            3


   Skills:
 - Level 2.0 Fighting
 * Level 1.9 Polearms
 - Level 0.7 Armour
 - Level 0.7 Dodging
 + Level 2.3 Spellcasting
 + Level 2.6 Charms


You had 4 spell levels left.
You knew the following spells:

 Your Spells              Type           Power        Failure   Level  Hunger
a - Infusion              Chrm           #...         14%         1    N/A

Dungeon Overview and Level Annotations

Branches:
Dungeon (2/15)

Altars:
Okawaru


Innate Abilities, Weirdness & Mutations

You do not eat or drink.
Your flesh is vulnerable to fire.
You are immune to poison.
Your flesh is cold resistant.
You are immune to negative energy.
You are immune to unholy pain and torment.
You can survive without breathing.


Message History

You barely miss the goblin. The goblin misses you.
You closely miss the goblin. The goblin closely misses you.
You closely miss the goblin. The goblin barely misses you.
You closely miss the goblin.
Your magical infusion is running out.
The goblin hits you.
* * * LOW HITPOINT WARNING * * *
You barely miss the goblin. The goblin hits you but does no damage.
You barely miss the goblin. The goblin hits you but does no damage.
You hit the goblin.
You kill the goblin!
Okawaru accepts your kill.
You hit the quokka.
The quokka is almost dead.
The quokka closely misses you. The quokka bites you.
* * * LOW HITPOINT WARNING * * *
You closely miss the quokka.
The quokka is almost dead.
The quokka bites you.
You die...

.... .. ...# .# ..# ..
#.####.# ?### #.#.>..#
.....##...# .......S.##
...###r## #@# #.#
######†#####
#..........# #
#..........############
#....>.................
#..........############
#..........#
############


You could see a quokka and a ball python.

Vanquished Creatures
  2 bats
  A giant cockroach (D:2)
  5 goblins
  2 hobgoblins (D:1)
  A giant newt (D:2)
  3 kobolds (D:1)
  A rat (D:2)
15 creatures vanquished.

Notes
Turn   | Place    | Note
--------------------------------------------------------------
     0 | D:1      | Alarkh the Mummy Skald began the quest for the Orb.
     0 | D:1      | Reached XP level 1. HP: 16/16 MP: 3/3
   375 | D:1      | Reached XP level 2. HP: 22/22 MP: 0/5
   589 | D:2      | Found an iron altar of Okawaru.
   601 | D:2      | Became a worshipper of Warmaster Okawaru
   770 | D:2      | HP: 1/22 [quokka (2)]
   771 | D:2      | Slain by a quokka

Action                   || total
-------------------------++-------
Melee: Spear             ||    74
 Cast: Infusion          ||     7
  Use: Scroll            ||     3
 Stab: Sleeping          ||     1
Armor: Leather armour    ||    17
Dodge: Dodged            ||    32
